 Dungeon Crawl Stone Soup version 0.24-a0-584-g9d6b971ae4 (webtiles) character file.

Game seed: 17568399957506349260, levelgen mode: deterministic

165 Gynju the Poker (level 5, -2/42 HPs)
             Began as a Merfolk Abyssal Knight on Sept 2, 2019.
             Was a Believer of Lugonu.
             Hit by a boomerang thrown by an orc warrior (5 damage)
             ... on level 3 of the Dungeon.
             The game lasted 00:06:53 (2317 turns).

Gynju the Poker (Merfolk Abyssal Knight)            Turns: 2317, Time: 00:06:54

Health: -2/42      AC: 10    Str: 13    XL:     5   Next: 46%
Magic:  7/7        EV:  7    Int: 12    God:    Lugonu [**....]
Gold:   51         SH:  0    Dex: 13    Spells: 4/4 levels left

rFire    . . .     SeeInvis .   a - +0 trident
rCold    . . .     Gourm    .   (no shield)
rNeg     . . .     Faith    .   m - +0 chain mail (curse)
rPois    .         Spirit   .   p - +0 helmet
rElec    .         Reflect  .   l - +0 cloak
rCorr    .         Harm     .   (no gloves)
MR       .....                  (no boots)
Stlth    ..........             (no amulet)
HPRegen  0.14/turn              (no ring)
MPRegen  0.10/turn              (no ring)

@: no status effects
A: change form in water, swift swim, stealthy swim
a: Depart the Abyss, Bend Space, Renounce Religion


You were on level 3 of the Dungeon.
You worshipped Lugonu.
Lugonu was pleased with you.
You were not hungry.

You visited 1 branch of the dungeon, and saw 3 of its levels.
You visited the Abyss 1 time.

You collected 51 gold pieces.

Inventory:

Hand Weapons
 a - a +0 trident (weapon)
 o - a +1 spear
Armour
 l - a +0 cloak (worn)
 m - a cursed +0 chain mail (worn)
 p - a +0 helmet (worn)
Jewellery
 r - a cursed -2 ring of evasion {unknown}
Scrolls
 e - a scroll of fear {unknown}
 f - 4 scrolls of remove curse {unknown}
 g - 2 scrolls of teleportation {unknown}
 j - a scroll of identify {unknown}
 n - a scroll of amnesia {unknown}
 q - 2 scrolls of magic mapping {unknown}
Potions
 d - 6 potions of haste {unknown}
 h - a potion of resistance {unknown}
 i - a potion of ambrosia {unknown}
 k - a potion of might {unknown}
 s - a potion of heal wounds {unknown}
 t - a potion of brilliance {unknown}
Comestibles
 b - 2 chunks of flesh
 c - 2 rations


   Skills:
 + Level 4.0 Fighting
 * Level 5.3 Polearms
 + Level 1.5 Armour
 + Level 3.7 Dodging
 + Level 2.8 Invocations


You had 4 spell levels left.
You didn't know any spells.
Your spell library was empty.

Dungeon Overview and Level Annotations

Branches:
Dungeon (3/15)

Altars:
Gozag
Hepliaklqana
Trog
Xom

Annotations:
D:3 2 transporters


Message History

You see here a hobgoblin corpse.
You see here 9 stones.
Some of the chunks of flesh in your inventory have rotted away.
An orc warrior comes into view. It is wielding a +0 short sword.
An orc warrior is nearby!
An orc warrior is nearby!
An orc warrior is nearby!
An orc warrior is nearby!
An orc warrior is nearby!
The orc warrior throws a boomerang.
The boomerang hits you!
* * * LOW HITPOINT WARNING * * *
The weapon returns to the orc warrior!
The orc warrior throws a boomerang.
The boomerang hits you.
* * * LOW HITPOINT WARNING * * *
The weapon returns to the orc warrior!
You see here a hobgoblin corpse.
You see here a whip.
The shadow imp lashes its tail.
The orc warrior throws a boomerang.
The boomerang hits you.
You die...

###################
....)..)(o.†)...@.##
######.(#########..#
#.....)##...g.5o##.#
#.###).#8.=#.#g.8#.#
....#..#...#!$#.##
#.#..#.......(_#..##
.....©#..©.)..$_#©..#
###.#..#.......$_#...#
#.##.#..#...#%$#.#.#


You could see 2 orc warriors, a gnoll, a shadow imp and a hobgoblin.

Vanquished Creatures
  An orc priest (D:3)
  An orc wizard (D:3)
  Robin (D:2)
  2 adders (D:2)
  An ooze (D:1)
  A worm (D:2)
  A dart slug (D:2)
  3 leopard geckos
  4 orcs (D:3)
  9 bats
  4 giant cockroaches
  13 goblins
  5 hobgoblins
  2 frilled lizards (D:1)
  A jackal zombie (D:3)
  7 kobolds
  4 rats
60 creatures vanquished.

Notes
Turn   | Place    | Note
-------+----------+-------------------------------------------
     0 | Abyss:1  | Gynju the Merfolk Abyssal Knight began the quest for the
                  | Orb.
     0 | Abyss:1  | Reached XP level 1. HP: 18/18 MP: 2/2
    44 | Abyss:1  | Noticed an iron imp
    45 | D:1      | Escaped the Abyss
   241 | D:1      | Reached * piety under Lugonu
   241 | D:1      | Reached XP level 2. HP: 21/24 MP: 3/3
   844 | D:2      | Noticed Robin
   847 | D:2      | Reached XP level 3. HP: 29/29 MP: 4/4
   849 | D:2      | Reached skill level 4 in Polearms
   860 | D:2      | Reached skill level 1 in Armour
  1165 | D:2      | Killed Robin
  1332 | D:2      | Found an opulent altar of Gozag.
  1531 | D:2      | Reached XP level 4. HP: 31/37 MP: 5/5
  1700 | D:2      | Reached ** piety under Lugonu
  2176 | D:3      | Found a bloodstained altar of Trog.
  2177 | D:3      | Found a shimmering altar of Xom.
  2178 | D:3      | Found a transporter.
  2178 | D:3      | Found a hazy altar of Hepliaklqana.
  2180 | D:3      | Noticed an orc warrior
  2186 | D:3      | Found a transporter.
  2214 | D:3      | Reached skill level 5 in Polearms
  2214 | D:3      | Reached XP level 5. HP: 42/42 MP: 5/7
  2307 | D:3      | Noticed an orc warrior
  2309 | D:3      | HP: 2/42 [orc warrior/boomerang (5)]
  2317 | D:3      | Hit by a boomerang thrown by an orc warrior

Levels and vault maps discovered:
D:1:      scummos_arrival_simple_crosswalls, layout_loops_ring
D:2:      layout_loops_ring, grunt_gozag_statues, uniq_robin
D:3:      layout_loops_ring, nicolae_tso_swordbearing_angel,
          gammafunk_temple_overflow_arena

Skill      XL: |  1  2  3  4  5 |
---------------+----------------+-----
Dodging        | 3 |  3.7
Polearms       | 4 5 |  5.3
Armour         | 1 |  1.5
Fighting       | 4 |  4.0
Invocations    | |  2.8

Action                   |  1- 3 |  4- 6 || total
-------------------------+-------+-------++-------
Melee: Spear             |    80 |       ||    80
       Trident           |    33 |   105 ||   138
Invok: Depart the Abyss  |     1 |       ||     1
 Stab: Sleeping          |     1 |       ||     1
  Eat: Chunk             |     2 |     3 ||     5
Armor: Leather armour    |     4 |       ||     4
       Chain mail        |    49 |    76 ||   125
Dodge: Dodged            |    32 |    52 ||    84

Table legend:
 A = Non-vault XP
 B = Vault XP
 C = Vault XP percentage of total XP
 D = Non-vault monster count
 E = Vault monster count
 F = Vault count percentage of total count
                 A         B        C        D         E       F
            +---------+---------+-------+---------+---------+-------
      Total |     199 |      37 |  15.7 |      48 |      12 |  20.0
            +---------+---------+-------+---------+---------+-------
        D:1 |      25 |       2 |   7.4 |      14 |       1 |   6.7
        D:2 |      66 |      35 |  34.7 |      23 |      11 |  32.4
        D:3 |     108 |       0 |   0.0 |      11 |       0 |   0.0
            +---------+---------+-------+---------+---------+-------
